 Dungeon Crawl Stone Soup version 0.30.1-11-g7821555f0a (webtiles) character file.

Game seed: 3033010514740371593

65 safid the Conjurer (level 4, 0/28 HPs)
             Began as a Gargoyle Reaver on Dec 12, 2023.
             Slain by a gnoll
             ... wielding a +0 halberd
              (5 damage)
             ... on level 2 of the Dungeon.
             The game lasted 00:02:28 (1298 turns).

safid the Conjurer (Gargoyle Reaver)                Turns: 1298, Time: 00:02:29

Health: 0/28       AC:  6    Str: 17    XL:     4   Next: 14%
Magic:  8/8        EV: 11    Int: 14    God:
Gold:   90         SH:  0    Dex:  8    Spells: 7/8 levels left

rFire   . . .        c - +4 dagger (vamp)
rCold   . . .        (no shield)
rNeg    + . .        b - +0 leather armour
rPois   ∞            (no helmet)
rElec   +            (no cloak)
rCorr   .            (no gloves)
SInv    .            (no boots)
Will    .....        (no amulet) Stlth
                     (no ring)
HPRegen 0.24/turn    (no ring)
MPRegen 0.11/turn

%: no passive effects
@: confused
A: sickness immunity, AC +3, negative energy resistance 1, electricity
resistance, torment resistance 1, petrification resistance
a: no special abilities


You were on level 2 of the Dungeon.
You visited 1 branch of the dungeon, and saw 2 of its levels.

You collected 90 gold pieces.

Inventory:

Hand Weapons
 c - a +4 vampiric dagger (weapon)
Armour
 b - a +0 leather armour (worn)
Scrolls
 d - a scroll of identify {unknown}
 e - a scroll of teleportation {unknown}
 g - a scroll of fog {unknown}
 h - a scroll of poison {unknown}
 i - a scroll of noise {unknown}
Potions
 a - a potion of might {unknown}
 f - a potion of degeneration {unknown}


   Skills:
 + Level 3.2 Fighting
 - Level 3.0 Maces & Flails
 - Level 1.5 Dodging
 + Level 2.8 Spellcasting
 + Level 4.1 Conjurations


You had 7 spell levels left.
You knew the following spells:

 Your Spells              Type           Power      Damage    Failure   Level
a - Kiss of Death         Conj/Necr      28%        2d7       12%         1

Your spell library contained the following spells:

 Spells                   Type           Power      Damage    Failure   Level
 Momentum Strike          Conj/Tloc      14%        3d8       17%         2
 Hailstorm                Conj/Ice       7%         3d4       34%         3


Dungeon Overview and Level Annotations

Branches:
Dungeon (2/15)

Altars:

Shops:
D:1 (

Annotations:
D:2 Sigmund


Innate Abilities, Weirdness & Mutations

You are immune to sickness and miasma.
Your stone body is resilient. (AC +3)
You are immune to poison.
You resist negative energy. (rN+)
You are resistant to electric shocks. (rElec)
You are resistant to unholy torment.
You are immune to petrification.


Message History

You barely miss the rat. The rat barely misses you.
You hit the rat.
You kill the rat!
No target in view!
No target in view!
No target in view!
No target in view!
No target in view!
No target in view!
No target in view!
Sigmund is nearby!
Sigmund is nearby!
Sigmund shouts!
Sigmund gestures at you while chanting.
The magic dart hits you but does no damage.
Sigmund gestures at you while chanting. The magic dart hits you.
The gnoll shouts!
Sigmund laughs darkly.
Sigmund zaps a wand.
The puff of flame hits you.
The gnoll shouts!
You hear a shout!
A rat comes into view.
The gnoll throws a stone.
The stone hits you.
Sigmund points at you and mumbles some strange words.
You are confused.
You bump into the rock wall.
The gnoll throws a stone.
The stone hits you but does no damage.
Sigmund giggles. "Time to reap what you sow."
Sigmund zaps a wand.
The puff of flame misses you.
You bump into the rock wall.
Sigmund zaps a wand.
The puff of flame misses you.
You bump into the rock wall.
Sigmund hits you from afar with a +0 scythe!
You bump into the rock wall.
The gnoll barely misses you. x2
Sigmund hits you from afar with a +0 scythe.
You bump into the rock wall.
The gnoll misses you.
The gnoll hits you from afar with a +0 halberd.
You bump into the rock wall.
The gnoll hits you with a +0 whip.
* * * LOW HITPOINT WARNING * * *
The gnoll hits you from afar with a +0 halberd.
You die...

...... #. . #.... # ##
#.#.# ##...## #.....#
#.....# ###########.....#
.
..........##..@#######....
..........###...@ggrg.....
..........###.########....
...8...(..#....# g
.♣♣.♣♣....###..#
.♣...♣....###..#
8..8..8...'.#..#
)♣...♣†...#....#
.♣♣.♣♣....###..#
...8......# ...#


You could see Sigmund, 3 gnolls and a rat.

Vanquished Creatures
  2 gnolls (D:2)
  3 endoplasms
  A giant cockroach (D:1)
  3 hobgoblins
  10 jackals
  6 kobolds
  2 ball pythons
  2 bats (D:1)
  A frilled lizard (D:1)
  6 goblins
  6 rats
42 creatures vanquished.

Notes
Turn   | Place    | Note
-------+----------+-------------------------------------------
     0 | D:1      | safid the Gargoyle Reaver began the quest for the Orb.
     0 | D:1      | Reached XP level 1. HP: 12/12 MP: 3/3
   183 | D:1      | Reached XP level 2. HP: 7/15 MP: 3/5
   413 | D:1      | Found Kapah's Weapon Boutique.
   609 | D:1      | Reached XP level 3. HP: 4/21 MP: 6/6
   903 | D:2      | Noticed Sigmund
   990 | D:2      | Reached skill level 4 in Conjurations
  1166 | D:2      | Reached XP level 4. HP: 28/28 MP: 8/8
  1298 | D:2      | Slain by a gnoll

Illustrated notes

Levels and vault maps discovered:
D:1:      shiori_arrival_elements, layout_basic, serial_shops, shop,
          nicolae_concentric_dashed_squares_mild, moated_statue,
          minmay_misc_feat_secret_circle, minmay_cupped
D:2:      layout_loops_ring, st_stairs_13, kennysheep_generic_room_2,
          uniq_sigmund, uniq_crazy_yiuf_cottage, uniq_robin

Skill      XL: |  1  2  3 |
---------------+----------+-----
Fighting       | 3 |  3.2
Conjurations   | 4 |  4.1
Maces & Flails | |  3.0
Dodging        | |  1.5
Spellcasting   | |  2.8

Action                     |  1- 3 |  4- 6 || total
---------------------------+-------+-------++-------
  Melee: Mace              |    12 |       ||    12
         Dagger            |   102 |    35 ||   137
         Punch             |     1 |       ||     1
   Cast: Kiss of Death     |     1 |       ||     1
 Armour: Leather armour    |    53 |    12 ||    65
  Dodge: Dodged            |    99 |    30 ||   129
